 Dungeon Crawl Stone Soup version 0.29.0-11-gd7f09526c8 (webtiles) character file.

Game seed: 17874155533954293638

0 blackman the Sneak (level 1, -3/18 HPs)
             Began as a Demonspawn Delver on Sept 3, 2022.
             Slain by an iguana (11 damage)
             ... on level 5 of the Dungeon.
             The game lasted 00:01:26 (184 turns).

blackman the Sneak (Demonspawn Delver)               Turns: 184, Time: 00:01:26

Health: -3/18      AC:  3    Str: 12    XL:     1   Next: 0%
Magic:  1/1        EV: 11    Int: 11    God:
Gold:   43         SH:  0    Dex: 14    Spells: 0/0 levels left

rFire   . . .      SeeInvis .   a - +0 short sword
rCold   . . .      Faith    .   (no shield)
rNeg    . . .      Spirit   .   b - +0 leather armour
rPois   .          Reflect  .   (no helmet)
rElec   .          Harm     .   (no cloak)
rCorr   .          Rampage  .   (no gloves)
Will    .....                   (no boots)
Stlth   ++........              (no amulet)
HPRegen 0.06/turn               (no ring)
MPRegen 0.07/turn               (no ring)

@: hasted, very quick
A: no striking features
a: no special abilities


You were on level 5 of the Dungeon.
You visited 1 branch of the dungeon, and saw 1 of its levels.

You collected 43 gold pieces.

Inventory:

Hand Weapons
 a - a +0 short sword (weapon)
Armour
 b - a +0 leather armour (worn)
Jewellery
 e - a ring of protection from cold
Wands
 g - a wand of digging (2)
Scrolls
 c - a scroll of fog
 d - 2 scrolls of identify {unknown}
 f - a scroll of summoning {unknown}


   Skills:
 * Level 3.0 Fighting
 - Level 1.7 Short Blades
 - Level 1.7 Dodging
 - Level 4.5 Stealth


You couldn't memorise any spells.
You didn't know any spells.
Your spell library was empty.

Dungeon Overview and Level Annotations

Branches:
Dungeon (5/15)
 Temple: D:4-7

Altars:

Annotations:
D:5 Grinder


Message History

A phantom comes into view.
Aiming: Dig
Press: ? - help, Shift-Dir - straight line A rock wall.
The rock shatters into small pieces.
The hound barely misses you. The hound attacks as you move away!
The hound bites you but does no damage.
The phantom hits you but does no damage.
The hound attacks as you move away! The hound bites you but does no damage.
Grinder comes into view.
Grinder says, "Just stop there for a second..."
Grinder gestures at you. Pain shoots through your body!
Ouch! That really hurt!
There is a stone staircase leading up here.
As you read the scroll of fear, it crumbles to dust.
You assume a fearsome visage.
Grinder looks frightened!
The phantom is unaffected.
The water moccasin looks frightened!
The hound looks frightened!
Grinder blinks!
Grinder blinks!
Found an escape hatch in the floor.
There is an escape hatch in the floor here.
An ogre comes into view. It is wielding a +0 giant club.
Found a garnet ring.
You see here a ring of protection from cold.
e - a ring of protection from cold
Found a scroll labelled XEMOGU DOFE.
The sentinel's mark upon you fades away.
Found a scroll labelled AGGYD MI FERE.
Your extra speed is starting to run out.
f - a scroll labelled XEMOGU DOFE An iguana comes into view.
You feel yourself slow down.
Found a potion of haste.
Found 2 inky potions.
There is an open door here.
You see here a potion of haste.
h - a potion of haste You feel yourself speed up.
The iguana bites you!
Ouch! That really hurt!
You die...

..,,,* **.# #.# #.#. #.,***
#######..###** #.# #.#. ...*
#..n........,* #.####.#.
##.#####.##'#######,*
#......#.
.....##..#........#,*
##.......
.#*#.....#........#,*
#.......
.###..##.#..!.....#,*
#..####.
....n?##.#.....l..#,* #..# **
.........#......@.#,* #..#
#...#.#..#........#,* #..#
#####.#..#........#,* #>.# #
#.#*.#........#,* #..# #
#.#*,#######+##,* #..# #
*#.##...,,,,,,,,,* #..# #
##...#..*,********* #..#
###.......*,* #..#
W..O...#*,*,#*****########..#


You could see a necrophage and an iguana.

Vanquished Creatures (others)
  A plant (D:5)
1 creature vanquished.

Notes
Turn   | Place    | Note
-------+----------+-------------------------------------------
     0 | D:5      | blackman the Demonspawn Delver began the quest for the Orb.
     0 | D:5      | Reached XP level 1. HP: 18/18 MP: 1/1
    72 | D:5      | Noticed a necrophage
   116 | D:5      | Noticed a water moccasin
   119 | D:5      | Noticed an ogre
   120 | D:5      | Noticed a hound
   135 | D:5      | Noticed a phantom
   141 | D:5      | Noticed Grinder
   151 | D:5      | Noticed an ogre
   168 | D:5      | Noticed an iguana
   184 | D:5      | Slain by an iguana

Illustrated notes

Levels and vault maps discovered:
D:5:      layout_loops_ring, minivault_25, serial_bayou_lagoon_a,
          serial_park_tiny_2, uniq_grinder, uniq_edmund, uniq_menkaure

Action                   || total
-------------------------++-------
Melee: Short sword       ||     6
Evoke: Wand              ||     1
  Use: Scroll            ||     2
       Potion            ||     2
Armor: Leather armour    ||     3
Dodge: Dodged            ||     3
